 Dungeon Crawl Stone Soup version 0.23.2 (webtiles) character file.

Game seed: 208439027632761378

754 sagitran the Slasher (level 7, -4/55 HPs)
             Began as a Demonspawn Chaos Knight on Apr 2, 2019.
             Was a Plaything of Xom.
             Slain by a wight
             ... wielding a +2 trident of freezing
              (5 damage)
             ... on level 4 of the Dungeon.
             The game lasted 00:16:06 (4066 turns).

sagitran the Slasher (Demonspawn Chaos Knight)      Turns: 4066, Time: 00:16:07

Health: -4/55      AC:  5    Str: 18    XL:     7   Next: 49%
Magic:  7/7        EV: 11    Int: 11    God:    Xom [...*..]
Gold:   256        SH:  7    Dex: 14    Spells: 6/6 levels left

rFire    . . .     SeeInvis .   a - +0 falchion (chaos)
rCold    . . .     Gourm    .   f - +0 buckler
rNeg     . . .     Faith    .   b - +2 leather armour
rPois    .         Spirit   .   (helmet restricted)
rElec    .         Reflect  .   (no cloak)
rCorr    .         Harm     .   (no gloves)
MR       .....                  (boots unavailable)
Stlth    +.........             (no amulet)
HPRegen  0.18/turn              n - ring of wizardry
MPRegen  0.10/turn              (no ring)

@: mighty, flying, heavily drained
A: hooves 3, horns 1, large bone plates 1, dopey 1, foul stench 1, wild magic 2,
rot immunity
a: Renounce Religion


You were on level 4 of the Dungeon.
You worshipped Xom.
You were a favourite toy of Xom.
You were not hungry.

You visited 1 branch of the dungeon, and saw 4 of its levels.

You collected 256 gold pieces.

Inventory:

Hand Weapons
 a - a +0 falchion of chaos (weapon)
 m - a +1 hand axe of flaming
Missiles
 q - 5 tomahawks of returning (quivered)
Armour
 b - a +2 leather armour (worn)
 f - a +0 buckler (worn)
 i - a +0 scale mail
Magical Staves
 r - an uncursed staff of poison
Jewellery
 n - a ring of wizardry (left hand)
Wands
 j - a wand of acid (4)
 v - a wand of disintegration (13)
Scrolls
 d - a scroll of enchant armour {unknown}
 e - 2 scrolls of magic mapping
 h - 3 scrolls of remove curse
 k - 5 scrolls of teleportation
 o - 3 scrolls of fear
 p - a scroll of noise
Potions
 g - 2 potions of degeneration
 s - a potion of cancellation
Comestibles
 c - 5 rations


   Skills:
 + Level 4.5(2.9) Fighting
 + Level 5.3(3.7) Long Blades
   Level 0.2(0.0) Slings
 + Level 3.2(1.7) Armour
 + Level 2.9(1.3) Dodging
 + Level 1.8(0.3) Stealth
 + Level 2.0(0.5) Shields


You had 6 spell levels left.
You didn't know any spells.
Your spell library was empty.

Dungeon Overview and Level Annotations

Branches:
Dungeon (4/15)
 Temple: D:4-7

Altars:

Shops:
D:4 [


Innate Abilities, Weirdness & Mutations

You have hooves in place of feet.
You are partially covered in large bone plates. (SH +4)
You may emit foul miasma when damaged in melee.
You are immune to rotting.
You have a pair of small horns on your head.
You are dopey. (Int -2)
Your spells are harder to cast, but more powerful.


Message History

It was a potion of flight.
You feel very buoyant.
You fly up into the air.
Something hits you.
* * * LOW HITPOINT WARNING * * *
You feel drained. Something freezes you.
* * * LOW HITPOINT WARNING * * *
The wight barely misses you. You block the wight's attack.
Okay, then.
You feel very mighty all of a sudden. Something hits you.
* * * LOW HITPOINT WARNING * * *
Something freezes you.
* * * LOW HITPOINT WARNING * * *
The wight hits you with a +3 flail.
* * * LOW HITPOINT WARNING * * *
You feel drained.
* * * LOW HITPOINT WARNING * * *
The wight hits you from afar with a +2 trident of freezing.
You die...
Xom thinks this is hilarious!

...............>.................
###..#........##....###..........
#..#........##....# #..........
#..#.#...#####....# #..########
#..#.############.# #..# ######
#..#..,.........#.# #..###....#
#..#..,...........###..........
#..#..,.....zz..#..............
*,,#.,,......{@................
*,,*,**########.##########.##..
*,,,,,,,.......................
*,**,***#######.##########.##..
*,,,,,,,..............####.##..
****,***..........#.........#.#
*,* *....................'.. *,*
*.........##.........#.#
*,***...................##.#


You could see 2 wights.

Vanquished Creatures
  A hippogriff (D:3)
  An ogre (D:4)
  A boggart (D:3)
  2 hounds (D:4)
  2 orc priests
  Natasha (D:2)
  4 worker ants (D:4)
  Robin (D:2)
  2 adders (D:2)
  A shadow imp (D:3)
  2 oozes
  4 worms
  3 dart slugs
  5 leopard geckos
  8 orcs
  6 bats
  3 giant cockroaches
  16 goblins
  13 hobgoblins
  2 jackals (D:4)
  A quokka (D:3)
  5 ball pythons
  6 frilled lizards
  8 kobolds
  8 rats
106 creatures vanquished.

Vanquished Creatures (others)
  A worm (D:3)
1 creature vanquished.

Grand Total: 107 creatures vanquished

Notes
Turn   | Place    | Note
-------+----------+-------------------------------------------
     0 | D:1      | sagitran the Demonspawn Chaos Knight began the quest for
                  | the Orb.
     0 | D:1      | Reached XP level 1. HP: 18/18 MP: 1/1
    71 | D:1      | XOM: potion effect (brilliance)
    78 | D:1      | Reached skill level 3 in Long Blades
    83 | D:1      | Gained mutation: You have large cloven feet. [demonic
                  | ancestry]
    83 | D:1      | Reached XP level 2. HP: 21/24 MP: 2/2
   160 | D:1      | XOM: silly message
   185 | D:1      | XOM: silly message
   262 | D:1      | XOM: divination: detect items
   438 | D:1      | XOM: divination: detect creatures
   652 | D:1      | Gained mutation: You are immune to rotting. [demonic
                  | ancestry]
   652 | D:1      | Reached XP level 3. HP: 29/29 MP: 3/3
  1268 | D:2      | Reached skill level 1 in Dodging
  1286 | D:2      | XOM: divination: detect creatures
  1297 | D:2      | XOM: mild Tmut miscast
  1534 | D:2      | Gained mutation: You have hoof-like feet. [demonic
                  | ancestry]
  1534 | D:2      | Reached XP level 4. HP: 33/35 MP: 4/4
  1757 | D:3      | Reached skill level 1 in Stealth
  1870 | D:2      | XOM: god gift: knobbly jewelled staff {god gift}
  1881 | D:2      | Gained mutation: You have a pair of small horns on your
                  | head. [potion of mutation]
  1881 | D:2      | Gained mutation: You are dopey. (Int -2) [potion of
                  | mutation]
  1881 | D:2      | Gained mutation: Your spells are a little harder to cast,
                  | but a little more powerful. [potion of mutation]
  1881 | D:2      | Gained mutation: Your spells are harder to cast, but more
                  | powerful. [potion of mutation]
  2078 | D:2      | XOM: summons 2 hostile demons
  2353 | D:2      | Reached skill level 4 in Long Blades
  2373 | D:2      | XOM: god gift: 39 gold pieces
  2419 | D:3      | Noticed a hippogriff
  2495 | D:3      | Noticed Natasha
  2495 | D:3      | Noticed Robin
  2549 | D:2      | XOM: 2-stop teleportation journey
  2616 | D:2      | Gained mutation: You have hooves in place of feet. [demonic
                  | ancestry]
  2616 | D:2      | Reached XP level 5. HP: 22/41 MP: 5/5
  2883 | D:2      | Killed Natasha
  2887 | D:2      | Killed Robin
  3022 | D:2      | XOM: god gift: scale mail {god gift}
  3076 | D:3      | Killed a hippogriff
  3076 | D:3      | Gained mutation: You are partially covered in large bone
                  | plates. (SH +4) [demonic ancestry]
  3076 | D:3      | Reached XP level 6. HP: 33/48 MP: 6/6
  3416 | D:3      | XOM: polymorph worm -> boggart
  3424 | D:3      | Reached skill level 5 in Long Blades
  3424 | D:3      | Reached skill level 1 in Shields
  3523 | D:4      | Gained mutation: You may emit foul miasma when damaged in
                  | melee. [demonic ancestry]
  3523 | D:4      | Reached XP level 7. HP: 52/54 MP: 7/7
  3544 | D:4      | Found Egim's Antique Armour Boutique.
  3565 | D:4      | XOM: god gift: wand of acid (4)
  3827 | D:4      | XOM: divination: detect creatures
  4066 | D:4      | HP: 2/55 [wight/+3 flail (5)]
  4066 | D:4      | Slain by a wight

Skill      XL: |  1  2  3  4  5  6  7 |
---------------+----------------------+-----
Long Blades    | 3 4 5 |  5.3
Dodging        | 1 2 |  2.9
Armour         | 2 3 |  3.2
Stealth        | 1 |  1.8
Fighting       | 4 |  4.5
Shields        | 1 2 |  2.0
Slings         | |  0.2

Action                   |  1- 3 |  4- 6 |  7- 9 || total
-------------------------+-------+-------+-------++-------
Melee: Falchion          |    76 |   120 |    43 ||   239
       Kick              |    16 |    28 |    20 ||    64
       Headbutt          |       |    19 |     7 ||    26
 Fire: Hunting sling     |       |     4 |       ||     4
  Use: Scroll            |       |     8 |     2 ||    10
       Potion            |       |     5 |     4 ||     9
 Stab: Distracted        |     1 |       |       ||     1
       Sleeping          |       |       |     1 ||     1
  Eat: Chunk             |     2 |     3 |     2 ||     7
       Ration            |       |     1 |       ||     1
Armor: Leather armour    |    26 |    48 |     6 ||    80
Dodge: Dodged            |    39 |    92 |    10 ||   141
Block: Buckler           |     5 |    30 |    23 ||    58
       Rpst.: Falchion   |    14 |    26 |     4 ||    44
